← All builds
Suicide front / Armada / Factory first / OBSERVED BUILD

Standard suicide front

Armada Suicide front build order · Supreme Isthmus

The role's baseline: Bot Lab at 0:21 then straight into reclaim-fed T1 bot production to contest the middle and hold until T2 arrives, with an Advanced Metal Extractor around 9:45.

#rush · 2007 distinct matches · 229 players · 72% of Armada Suicide front games · team won 59% of 2381 · Recently observed

HOW TO PLAY IT

Key timing: Bot Lab by 0:20

  1. Open with mex and lab-first to get Bot Lab up by 0:20.
  2. Expand mex and wind while lab pumps units toward middle.
  3. Push Sentry and early Rocketeer, Centurion to contest middle.
  4. Get T2 constructor out once Pond's boost lets you spare metal.
  5. Upgrade mex to Advanced Metal Extractor as you transition off T1 spam.

Phase by phase

TYPICAL OF ITS 2007 GAMES
  1. 1
  2. 2
  3. 3
PLAY THE OPENING

Follow the example game's first 6:00 step by step: what to build now, what comes next, and where it goes. At 1× it keeps pace with your own game.

  1. 1

    Bot Lab first

    Order
    1. Bot LabBot Lab done ~0:21, middle half 0:20–0:33

    Some games also: mex (44%)

  2. 2

    Bot Lab to 5:00

    Economy
    • Metal Extractor5Mex
    • Wind Turbine4Wind
    Builders
    • Construction Bot3 Con bot
    • Lazarus2 Lazarus
    Army
    • Sentry4 Sentry
    • Rocketeer16 Rocketeer
    • Tick2 Tick
    • Centurion1 Centurion
    Other
    • Radar Tower1 Radar Tower

    Some games also: pawn (38%) · con turret (34%)

    By 5:00 in all: 5 mex · 4 wind

    The example game in this phase · 22 steps
    1. Mex
    2. TickTick ×2
    3. Mex
    4. LazarusLazarus
    5. Construction BotCon bot
    6. CenturionCenturion
    7. SentrySentry
    8. RocketeerRocketeer
    9. Mex
    10. RocketeerRocketeer
    11. Radar TowerRadar Tower
    12. RocketeerRocketeer ×3
    13. Mex
    14. SentrySentry
    15. CenturionCenturion
    16. SentrySentry
    17. LazarusLazarus
    18. RocketeerRocketeer ×5
    19. CenturionCenturion
    20. LazarusLazarus
    21. RocketeerRocketeer ×2
    22. Construction BotCon bot ×2
  3. 3

    5:00 to 10:00

    Economy
    • Metal Extractor1Mex
    • Wind Turbine15Wind
    Builders
    • Construction Turret2 Con turret
    • Lazarus2 Lazarus
    • Construction Bot1 Con bot
    Army
    • Sentry1 Sentry
    • Rocketeer8 Rocketeer

    Some games also: pawn (49%) · Radar Tower (46%) · tick (45%) · centurion (44%) · energy storage (43%) · eat Bot Lab (31%)

    By 10:00 in all: 6 mex · 21 wind · 1 energy storage · 2 con turret

    The example game in this phase · 64 steps
    1. RocketeerRocketeer ×4
    2. CenturionCenturion
    3. Con turret
    4. LazarusLazarus
    5. CenturionCenturion
    6. Wind
    7. BeamerBeamer
    8. Wind
    9. TickTick ×2
    10. Wind ×2
    11. LazarusLazarus
    12. Wind ×2
    13. RocketeerRocketeer
    14. Wind
    15. RocketeerRocketeer ×2
    16. Wind
    17. RocketeerRocketeer
    18. Wind
    19. RocketeerRocketeer
    20. Wind
    21. BeamerBeamer
    22. CenturionCenturion
    23. Wind
    24. Advanced Metal ExtractorT2 mexdone 9:28 · typical 9:46
    25. Wind
    26. TickTick
    27. LazarusLazarus
    28. Wind
    29. RocketeerRocketeer ×2
    30. Wind
    31. RocketeerRocketeer
    32. Wind
    33. RocketeerRocketeer
    34. Advanced Metal ExtractorT2 mex
    35. Wind
    36. RocketeerRocketeer
    37. CenturionCenturion
    38. Wind
    39. TickTick
    40. LazarusLazarus
    41. Wind
    42. TickTick ×2
    43. Wind
    44. TickTick ×3
    45. Wind
    46. TickTick ×2
    47. Wind
    48. TickTick ×2
    49. Wind
    50. TickTick ×3
    51. Wind
    52. TickTick ×10
    53. Con turret
    54. TickTick ×7
    55. Pit BullPit Bull
    56. TickTick ×8
    57. Sneaky PeteSneaky Pete ×2
    58. Bot LabBot Labdone 13:56
    59. LazarusLazarus ×3
    60. TickTick ×4
    61. Con turret
    62. TickTick ×12
    63. Advanced Metal ExtractorT2 mex
    64. TickTick ×2

Counts are medians over the build's games: half of them build more, half fewer. The example game is Ubilosis's (30 OS, 03/10/2026); pick another.

Team trades

IN AT LEAST 30% OF ITS GAMES

You hand over

Nothing regular.

You get

  • Tidal Generator4 Tidal from Pondfirst at 0:10 · in 68% of games
  • Advanced Construction Bot1 T2 con bot from Geo or Techfirst at 7:41 · in 57% of games

How it plays out

Typical game of this build, running totals by minute

Metal produced

010k20k
0:005:0010:0015:00

metal

Enemy metal destroyed

05k10k
0:005:0010:0015:00

metal

Own metal lost

05k10k
0:005:0010:0015:00

metal

2381 games.

Show as table
ByMetal produced: This buildEnemy metal destroyed: This buildOwn metal lost: This build
1:0023000
2:0088700
3:002009184130
4:003110645502
5:00418513571001
6:00534921831713
7:00653930512597
8:00776039383502
9:00904546934382
10:001041853145176
11:001189258555965
12:001360364066686
13:001541268767439
14:001729875038212
15:001926981098997
WHAT THE NUMBERS SAY

Standard Suicide front play wins a bit over half its games while taking the heaviest own losses of any role by 15:00.

  • + Produces 20142 metal by 15:00, highest of the front roles.
  • + First kill by 2:01 in all games, fastest contest of middle.
  • − Own metal lost hits 9178 by 15:00, more than enemy metal destroyed.
  • − Only 34% Rocketeer share shows army spread thin across many bot types.
THE EXAMPLE YOU ARE READING

Ubilosis

30.5 OS · 03/10/2026

Open source match ↗

5 received units · includes a constructor
36 metal received · 13178 energy received

Allied construction assistance is unknown. Timings are observations, not a promise of solo reproducibility.

Typical milestones

Bot Lab0:21Middle 50%: 0:20–0:33 · n=2373
Advanced Metal Extractor9:46Middle 50%: 8:50–10:58 · n=1721

Played most by

_X_262games of this buildPlatinumBlonde188games of this buildXad166games of this buildTrapCaT107games of this buildImmort80games of this build
Standard suicide front · Armada Suicide front build order · BAR Build Atlas